AoeStats
← meditator27

MegaRandom

506817639Analyzed
4v4 RM · 16d ago on Sep 15, 2026· 13m 57s· 8 players
Game mode
Random Map
Map size
Large (8 player)
Population
200
Speed
Normal
Resources
Standard
Victory
Conquest
Starting age
Dark Age
Ending age
Imperial Age
RankedLock teamsTeams togetherTeam positionsShared explorationLock speedFull tech treeHidden civsTurbo modeCheats
Victory
Defeat
🇺🇸 Hindustanis · United States
1352
+14
🇪🇸 Mongols · Spain
1299
+17
🇩🇪 Celts · Germany
1291
+17
🇵🇹 Sicilians · Portugal
1268
+18
🇨🇭 Berbers · Switzerland
1386
-19
🇦🇺 Tatars · Australia
1352
-18
🇹🇼 Poles · Taiwan
1272
-15
🇹🇷 Mongols · Türkiye
1248
-14
green
Massarock
Dr_Sanz
6:41 Loom
9:35 Feudal Age
14:31 Castle Age
13:03 Bloodlines
12:45 Gold Mining
13:17 Scale Barding Armor
14:02 Forging
Rabe3000
9:25 Feudal Age
10:29 Double-Bit Axe
11:43 Loom
12:54 Scale Barding Armor
13:00 Forging
Evian
11:09 Feudal Age
12:27 Loom
meditator27
Phenytoin
Exellence
Connection lost

Rejoining the realm…

Still unreachable

The connection could not be restored.

Session expired

The server has moved on; the page needs a fresh start.